 Dungeon Crawl Stone Soup version 0.19.1-1-g22dce08 (webtiles) character file.

107 M4edhros the Poker (level 4, -2/31 HPs)
             Began as an Octopode Chaos Knight on Dec 29, 2016.
             Slain by a white imp (4 damage)
             ... summoned by Natasha
             ... on level 2 of the Dungeon.
             The game lasted 00:01:09 (1250 turns).

M4edhros the Poker (Octopode Chaos Knight)          Turns: 1250, Time: 00:01:10

Health: -2/31      AC:  1    Str: 11    XL:     4   Next: 86%
Magic:  4/4        EV: 13    Int: 19    God:    Xom [...*..]
Gold:   81         SH:  0    Dex: 12    Spells: 0 memorised, 3 levels left

rFire  . . .     SeeInvis .     a - +0 spear (chaos)
rCold  . . .     Gourm    .     (no shield)
rNeg   . . .     Faith    .     (helmet restricted)
rPois  .         Spirit   .     (no amulet)
rElec  .         Reflect  .     (no ring)
rCorr  .         Harm     .     (no ring)
MR     .....                    (no ring)
Stlth  ++........               (no ring)
                                (no ring)
                                (no ring)
                                (no ring)
                                (no ring)

@: brilliant
A: almost no armour, stealthy swim, amphibious, 8 rings, constrict 8, camouflage
1, gelatinous body 1
a: Renounce Religion


You were on level 2 of the Dungeon.
You worshipped Xom.
You were a favourite toy of Xom.
You were very hungry.

You visited 1 branch of the dungeon, and saw 2 of its levels.

You collected 81 gold pieces.

Inventory:

Hand Weapons
 a - a +0 spear of chaos (weapon)
 j - a +0 hunting sling
Missiles
 m - 42 stones (quivered)
Scrolls
 c - a scroll of noise {unknown}
 e - 2 scrolls of immolation {unknown}
 g - a scroll of identify {unknown}
 i - a scroll of enchant armour {unknown}
Potions
 k - a potion of haste {unknown}
 l - a potion of might {unknown}
Comestibles
 b - 2 bread rations
 f - a slice of pizza


   Skills:
 - Level 3.0 Fighting
 + Level 5.4 Polearms
 - Level 2.3 Dodging


You had 3 spell levels left.
You didn't know any spells.

Dungeon Overview and Level Annotations

Branches:
Dungeon (2/15)

Altars:

Annotations:
D:2 Natasha


Innate Abilities, Weirdness & Mutations

You cannot wear most types of armour.
You are very stealthy in the water. (Stealth+)
You are amphibious.
You can wear up to eight rings at the same time.
You can use your tentacles to constrict eight enemies at once.
Your skin changes colour to match your surroundings (Stealth+).
Your rubbery body absorbs attacks. (AC +1, EV +1)


Message History

The white imp seems less confused.
The white imp gestures at you. The puff of frost hits you!
Attack whom?
Press: ? - help, Dir - move target cursor, f - white imp, p - Natasha
Aim: a white imp (heavily wounded, summoned)
You reach to attack!
You closely miss the white imp.
The white imp is heavily wounded.
Natasha seems less confused.
Attack whom?
Press: ? - help, Dir - move target cursor, f/p - white imp
Aim: a white imp (heavily wounded, summoned)
You reach to attack!
You hit Natasha but do no damage.
Natasha is heavily wounded.
You barely miss Natasha. You grab Natasha.
Natasha is heavily wounded.
You constrict Natasha. Natasha claws you!
* * * LOW HITPOINT WARNING * * *
The white imp hits you.
You die...

#..... ##.........
#....K..... #..........
...## #.......... ....##
#.......... .....#
#####.......... .....#
##..?....5...... .....#
##).##)..@h......
.....###.†.##.##...$.##.
.....##.....#.########
.....#........#
.....#........#
..............#
...#........#.#
##....#..)....#
##.##........##


You could see Natasha, a white imp and a kobold.

Vanquished Creatures
  Jessica (D:2)
  3 adders (D:2)
  An ooze (D:1)
  4 dart slugs
  A leopard gecko (D:2)
  A giant cockroach (D:2)
  4 goblins
  8 hobgoblins
  4 jackals
  A quokka (D:2)
  A ball python (D:2)
  4 bats
  A frilled lizard (D:1)
  3 kobolds
  5 rats
42 creatures vanquished.

Notes
Turn   | Place    | Note
-------+----------+-------------------------------------------
     0 | D:1      | M4edhros the Octopode Chaos Knight began the quest for the Orb.
     0 | D:1      | Reached XP level 1. HP: 16/16 MP: 1/1
   105 | D:1      | Reached XP level 2. HP: 21/21 MP: 2/2
   251 | D:1      | Reached skill level 4 in Polearms
   396 | D:1      | Reached XP level 3. HP: 20/26 MP: 3/3
   449 | D:1      | XOM: silly message
   819 | D:2      | Reached XP level 4. HP: 11/31 MP: 4/4
   877 | D:2      | XOM is BORED!
   877 | D:2      | XOM: harmless Tmut miscast
  1030 | D:2      | XOM: harmless Air miscast
  1144 | D:2      | Noticed Jessica
  1199 | D:2      | Killed Jessica
  1199 | D:2      | Reached skill level 5 in Polearms
  1216 | D:2      | XOM: divination: detect creatures
  1228 | D:2      | XOM: potion effect (brilliance)
  1229 | D:2      | Noticed Natasha
  1233 | D:2      | XOM: confuse monster(s)
  1250 | D:2      | Slain by a white imp

Skill      XL: |  1  2  3  4 |
---------------+-------------+-----
Polearms       | 4 5 |  5.4
Fighting       | |  3.0
Dodging        | |  2.3

Action                   |  1- 3 |  4- 6 || total
-------------------------+-------+-------++-------
Melee: Spear             |    73 |    42 ||   115
       Constrict         |    16 |     6 ||    22
       Tentacles         |     9 |     4 ||    13
  Use: Potion            |       |     2 ||     2
 Stab: Sleeping          |     6 |     1 ||     7
       Confused          |       |     4 ||     4
Armor: Skin              |     4 |     1 ||     5
Dodge: Dodged            |    25 |     7 ||    32
